Map: [ESL] Inside and Out

Players

Scarlett

  • Race: Zerg Zerg
  • Spawn Location: 7:00

herO - Winner!

  • Race: Protoss Protoss
  • Spawn Location: 1:00

Event: DreamHack SC2 Masters 2022 Valencia

VOD

Have the link to the VOD?

Description

Time

  • Played on: July 1, 2022, 4:04 p.m.
  • Length: 15:19

All games in this series

Show
View Real Time Build Order
Export as new Build Order

Scarlett Zerg 

Build Orders: Hatch First 

Get SALT Encoding   

  12  0:00  Drone  
  13  0:08  Drone  
  14  0:16  Overlord  
  14  0:35  Drone  
  15  0:42  Drone x2  
  17  0:52  Hatchery  
  17  0:57  Drone  
  17  0:59  Drone  
  18  1:13  Extractor  
  18  1:15  Spawning Pool  
  17  1:18  Drone  
  17  1:21  Drone  
  18  1:29  Drone  
  19  1:40  Drone  
  20  1:50  Overlord  
  20  2:01  Queen  
  20  2:04  Zergling x2  
  20  2:05  Drone, Queen  
  26  2:14  Metabolic Boost, Drone  
  27  2:16  Drone  
  28  2:24  Drone  
  28  2:27  Drone  
  30  2:36  Zergling x2  
  31  2:41  Queen  
  33  2:46  Overlord  
  33  2:48  Drone x2  
  35  3:00  Spore Crawler, Queen  
  35  3:07  Drone x3  
  35  3:11  Drone x4  
  42  3:15  Drone  
  42  3:16  Drone  
  44  3:22  Hatchery  
  44  3:26  Overlord  
  43  3:28  Drone  
  44  3:43  Queen  
  44  3:48  Drone x6  
  52  3:53  Evolution Chamber  
  52  3:54  Spore Crawler  
  50  4:02  Overlord  
  50  4:07  Spore Crawler x2, Zergling x2  
  50  4:08  Zergling x4  
  51  4:19  Zerg Melee Weapons Level 1  
  51  4:20  Queen  
  51  4:29  Drone x8  
  57  4:31  Queen  
  59  4:39  Drone x3  
  62  4:46  Overlord  
  62  4:47  Drone x2  
  64  4:53  Zergling x2  
  64  4:55  Zergling x2  
  66  5:02  Overlord x2, Lair  
  66  5:07  Hatchery  
  65  5:10  Drone x3  
  65  5:13  Drone x3  
  71  5:15  Extractor  
  71  5:19  Drone x4  
  72  5:23  Extractor  
  72  5:24  Roach Warren  
  72  5:25  Drone x2  
  72  5:33  Drone x2  
  74  5:37  Zergling x12  
  74  5:39  Queen  
  82  5:44  Zergling x8  
  82  5:48  Overlord x2  
  86  5:50  Extractor  
  86  5:57  Zergling x2  
  84  6:04  Overlord x2  
  84  6:05  Roach x2  
  84  6:08  Roach x4  
  84  6:09  Glial Reconstitution  
  96  6:18  Zergling x8  
  98  6:19  Queen x3  
  98  6:23  Zergling x6  
  102  6:26  Zergling x4  
  102  6:30  Zergling x4  
  103  6:35  Zergling x2  
  103  6:36  Zergling x2  
  103  6:39  Zergling x14  
  108  6:40  Zergling x2  
  108  6:44  Ravager x5  
  114  6:48  Zergling x2  
  114  6:53  Queen, Zergling x6  
  110  6:54  Queen  
  110  7:01  Zergling x10  
  114  7:02  Zerg Melee Weapons Level 2  
  114  7:05  Roach x2  
  114  7:06  Zergling x2  
  119  7:10  Zergling x6  
  119  7:12  Queen, Zergling x2  
  109  7:23  Roach x3  
  109  7:24  Ravager  
  109  7:25  Zergling x4  
  109  7:27  Zergling x2  
  109  7:28  Queen  
  118  7:40  Overlord  
  118  7:41  Overlord x3  
  114  7:46  Zergling x2  
  114  7:47  Overlord  
  114  7:48  Overlord  
  110  7:54  Overlord x4  
  108  7:59  Zergling x2  
  108  8:00  Zergling x2  
  108  8:03  Roach  
  111  8:08  Roach x4, Hatchery  
  118  8:18  Zergling x2  
  118  8:19  Zergling x2  
  118  8:26  Zergling x10  
  121  8:33  Zergling x8  
  123  8:37  Ravager x2  
  123  8:38  Ravager x2  
  123  8:39  Zergling x10  
  129  8:48  Baneling Nest  
  127  8:58  Zergling x8  
  131  9:03  Zergling x10  
  131  9:04  Hatchery  
  133  9:17  Drone x6  
  133  9:24  Zergling x8  
  138  9:38  Zerg Missile Weapons Level 1  
  138  9:39  Centrifugal Hooks  
  138  9:40  Roach x7  
  138  9:41  Roach x2  
  138  9:44  Queen  
  156  9:48  Roach x3  
  162  9:56  Roach x4  
  162  9:59  Zergling x4  
  154  10:00  Zergling x2  
  154  10:03  Zergling x10  
  150  10:08  Roach x5  
  150  10:14  Roach x4  
  147  10:22  Queen x2  
  147  10:27  Zergling x12  
  147  10:28  Queen  
  134  10:32  Zergling x2  
  134  10:35  Spore Crawler  
  131  10:38  Zergling x6  
  134  10:45  Zergling x10  
  134  10:46  Zergling x6  
  134  10:49  Zergling x6  
  147  10:56  Zergling x6  
  150  10:59  Zergling x2  
  150  11:03  Ravager x2  
  152  11:11  Hatchery  
  137  11:25  Drone x14  
  151  11:29  Zergling x2  
  152  11:36  Zerg Missile Weapons Level 2  
  152  11:38  Spore Crawler  
  151  11:40  Zergling x2  
  151  11:41  Zergling x8  
  154  11:50  Baneling  
  154  11:51  Baneling x11  
  148  11:57  Baneling x13  
  148  11:58  Zergling x2  
  148  11:59  Zergling x10  
  144  12:03  Drone x4  
  147  12:15  Zergling x14  
  137  12:24  Zergling x10  
  137  12:29  Zergling x2  
  139  12:35  Spire  
  129  12:40  Zergling x2  
  129  12:41  Zergling x12  
  132  12:48  Zergling x2  
  132  12:49  Zergling x16  
  132  12:50  Ravager, Baneling x3  
  136  12:55  Zergling x2  
  136  12:56  Zergling x8  
  135  13:04  Zergling x2  
  135  13:05  Zergling x4  
  111  13:17  Zergling x2  
  111  13:18  Zergling x12  
  111  13:19  Queen x2  
  113  13:25  Zergling x6  
  99  13:37  Roach x5  
  99  13:39  Queen, Hatchery  
  99  13:40  Queen  
  110  13:43  Zergling x4  
  110  13:45  Baneling x4  
  110  13:48  Roach  
  110  13:51  Roach  
  110  13:55  Queen  
  114  14:00  Roach x4  
  116  14:05  Roach x2  
  107  14:10  Roach x2  
  111  14:19  Roach  
  111  14:20  Roach x2  
  113  14:25  Roach x2  
  113  14:29  Roach x2  
  113  14:31  Roach  
  114  14:38  Roach x2  
  114  14:40  Roach, Queen x2  
  117  14:52  Zergling x12  
  119  14:53  Zergling x8  
  119  15:02  Spore Crawler  
Show
View Real Time Build Order
Export as new Build Order

herO Protoss - Winner!

Build Orders: 1 Gate Expand, Oracle Opening 

Get SALT Encoding   

  12  0:00  Probe  
  13  0:12  Probe  
  14  0:19  Pylon  
  14  0:24  Probe (Chrono Boost)  
  15  0:38  Probe (Chrono Boost)  
  16  0:43  Gateway  
  16  0:44  Probe (Chrono Boost)  
  16  0:49  Assimilator  
  17  0:52  Probe  
  18  1:04  Probe  
  19  1:16  Probe  
  20  1:26  Nexus  
  20  1:38  Cybernetics Core  
  20  1:39  Probe  
  21  1:44  Assimilator  
  21  1:51  Probe  
  22  1:55  Pylon  
  22  2:03  Probe  
  23  2:12  Adept (Chrono Boost)  
  23  2:15  Probe  
  26  2:19  Stargate  
  26  2:25  Warp Gate  
  26  2:27  Probe  
  27  2:33  Pylon  
  27  2:37  Adept  
  27  2:40  Probe (Chrono Boost)  
  31  2:49  Probe (Chrono Boost)  
  31  2:50  Pylon, Probe (Chrono Boost)  
  32  2:55  Probe  
  32  2:57  Probe  
  34  2:59  Oracle (Chrono Boost)  
  37  3:07  Probe  
  37  3:09  Probe  
  39  3:12  Gateway  
  39  3:15  Pylon  
  40  3:20  Probe  
  40  3:21  Probe  
  40  3:26  Oracle (Chrono Boost)  
  41  3:32  Probe  
  41  3:33  Probe  
  46  3:47  Nexus  
  46  3:50  Pylon  
  46  3:52  Probe  
  46  3:54  Probe  
  48  4:01  Twilight Council  
  48  4:03  Assimilator  
  48  4:06  Probe x2  
  50  4:15  Gateway  
  47  4:29  Probe x2  
  47  4:30  Blink (Chrono Boost)  
  49  4:31  Adept x2  
  49  4:37  Gateway x2  
  53  4:42  Gateway  
  55  4:49  Gateway  
  55  4:54  Stalker  
  55  4:55  Stalker  
  57  5:00  Probe x2  
  57  5:02  Shield Battery  
  57  5:04  Probe  
  60  5:11  Stalker  
  62  5:19  Stalker x2  
  66  5:24  Pylon  
  66  5:26  Probe  
  66  5:32  Stalker  
  66  5:33  Stalker  
  66  5:35  Stalker  
  71  5:37  Pylon  
  71  5:40  Stalker  
  73  5:43  Stalker  
  73  5:47  Pylon  
  75  6:00  Stalker x2  
  75  6:01  Stalker x2  
  75  6:03  Stalker  
  84  6:06  Stalker  
  86  6:25  Stalker x3  
  84  6:41  Stalker x2  
  84  6:42  Zealot x2  
  92  6:47  Pylon  
  92  6:49  Pylon  
  92  7:00  Stalker x3  
  93  7:06  Stalker  
  93  7:07  Zealot x3  
  95  7:23  Probe x2  
  95  7:25  Stalker  
  95  7:26  Stalker x2  
  95  7:27  Stalker, Zealot x2  
  109  7:36  Pylon  
  109  7:43  Charge (Chrono Boost)  
  109  7:46  Probe x2  
  109  7:54  Probe  
  109  7:57  Pylon  
  109  7:58  Probe x2  
  112  8:06  Pylon  
  112  8:16  Stalker x2  
  116  8:21  Zealot  
  116  8:24  Probe x3  
  120  8:27  Stalker x2  
  124  8:38  Stalker  
  124  8:45  Pylon  
  124  8:46  Pylon  
  124  8:48  Pylon  
  124  8:50  Pylon  
  124  8:54  Forge  
  124  9:03  Nexus, Oracle (Chrono Boost)  
  124  9:08  Zealot x7  
  140  9:14  Pylon  
  140  9:15  Pylon  
  140  9:21  Pylon  
  140  9:23  Pylon  
  141  9:30  Protoss Ground Weapons Level 1 (Chrono Boost)  
  140  9:31  Oracle (Chrono Boost)  
  140  9:36  Zealot x7  
  151  9:57  Zealot x7  
  125  10:07  Oracle (Chrono Boost)  
  125  10:12  Nexus  
  128  10:20  Zealot  
  128  10:21  Zealot x5  
  104  10:34  Probe x3  
  103  10:41  Oracle (Chrono Boost)  
  99  10:46  Zealot x7  
  116  10:51  Probe x3  
  117  11:09  Stalker x6  
  121  11:14  Stalker  
  121  11:15  Probe x2  
  121  11:16  Probe  
  124  11:19  Oracle (Chrono Boost)  
  124  11:21  Shield Battery  
  127  11:38  Stalker  
  127  11:39  Zealot x5  
  139  11:45  Gateway  
  139  11:46  Oracle (Chrono Boost)  
  139  11:53  Protoss Ground Weapons Level 2  
  142  12:03  Stalker x5  
  142  12:08  Zealot x2  
  128  12:29  Stalker x6  
  125  12:31  Zealot  
  125  12:48  Oracle (Chrono Boost)  
  126  12:56  Zealot x6  
  126  12:57  Zealot  
  124  13:16  Zealot x2  
  124  13:17  Zealot x4  
  125  13:30  Stalker  
  119  13:37  Stalker x2  
  123  13:54  Stalker x4  
  131  13:59  Zealot  
  131  14:00  Zealot  
  128  14:04  Zealot  
  112  14:17  Zealot x2  
  106  14:36  Zealot x4  
  114  14:45  Oracle (Chrono Boost)  

Tags
 
Add a new tag
Caveats
  • Supply blocks, unpowered buildings, or Contaminate may cause inaccurate times.
  • Supply counts are checked every 10 seconds.